 Dungeon Crawl Stone Soup version 0.30-a0-1053-gbd8d5ba0ad (webtiles) character file.

Game seed: 13510523354207778432

74 Zeldest the Charlatan (level 4, -2/39 HPs)
             Began as a Tengu Artificer on Apr 12, 2023.
             Slain by a scorpion (6 damage)
             ... on level 3 of the Dungeon.
             The game lasted 00:02:59 (1872 turns).

Zeldest the Charlatan (Tengu Artificer)             Turns: 1872, Time: 00:03:00

Health: -2/39      AC: 22    Str: 13    XL:     4   Next: 30%
Magic:  8/8        EV:  2    Int: 13    God:
Gold:   63         SH:  0    Dex: 14    Spells: 7/7 levels left

rFire   . . .      SeeInvis .    n - +2 dagger (speed)
rCold   . . .      Faith    .    (no shield)
rNeg    . . .      Spirit   .    b - melded +0 leather armour
rPois   +          Reflect  .    (helmet currently unavailable)
rElec   .          Rampage  .    (cloak currently unavailable)
rCorr   +          NoTele   +    (gloves currently unavailable)
Will    .....                    (boots unavailable)
Stlth   ++                       (no amulet)
HPRegen 0.26/turn                m - ring of resist corrosion
MPRegen 0.11/turn                (no ring)

@: lethally poisoned (-2 -> -15), tree-form, very slow
A: stationary, stasis, torment immunity, boosted hp, (beak), (talons 3)
a: no special abilities


You were on level 3 of the Dungeon.
You were a tree.
You visited 1 branch of the dungeon, and saw 3 of its levels.

You collected 63 gold pieces.

Inventory:

Hand Weapons
 n - a +2 dagger of speed (weapon)
Armour
 b - a +0 leather armour (melded)
Magical Staves
 g - a staff of earth
Jewellery
 l - a ring of ice
 m - a ring of resist corrosion (left branch)
Wands
 c - a wand of flame (12) (quivered)
 d - a wand of charming (12)
 e - a wand of iceblast (5)
Scrolls
 h - a scroll of blinking {unknown}
 o - 2 scrolls of identify {unknown}
 p - a scroll of immolation {unknown}
 q - a scroll of noise {unknown}
 t - a scroll of torment {unknown}
 u - 2 scrolls of teleportation {unknown}
Potions
 a - a potion of brilliance {unknown}
 f - a potion of lignification
 i - a potion of degeneration {unknown}
 j - a potion of heal wounds {unknown}
 k - a potion of resistance {unknown}
 r - 2 potions of curing {unknown}
 s - a potion of invisibility {unknown}
 v - a potion of ambrosia {unknown}


   Skills:
 - Level 2.0 Fighting
 - Level 2.1 Armour
 + Level 2.8 Dodging
 - Level 1.0 Stealth
 - Level 2.0 Spellcasting
 - Level 3.0 Evocations


You had 7 spell levels left.
You didn't know any spells.
Your spell library was empty.

Dungeon Overview and Level Annotations

Branches:
Dungeon (3/15) Zot: 16142

Altars:
Okawaru


Innate Abilities, Weirdness & Mutations

You are a tree.
Your roots penetrate the ground, keeping you stationary.
You cannot be teleported.
You are immune to unholy pain and torment.
Your maximum health is greatly increased.
Your equipment is partially melded.
((You have a beak for a mouth.))
((You have claws for feet.))


Message History

You are no longer poisoned.
You start resting.
HP restored.
There is a stone staircase leading up here.
A scorpion comes into view.
A scorpion is nearby!
Okay, then.
Aiming: Charm
Press: ? - help, Shift-Dir - straight line, f - scorpion
Aim: a scorpion (chance to affect: 56%)
The scorpion is charmed.
You swap places.
Found an escape hatch in the ceiling.
Found a viscous blue potion.
Found a spiked leather armour.
The scorpion is no longer charmed.
Okay, then.
There is an escape hatch in the ceiling here.
The scorpion stings you.
You see here a viscous blue potion.
r - 2 viscous blue potions (gained 1)
The scorpion stings you. The scorpion stings you.
You are poisoned.
The scorpion poisons you!
Found 6 javelins.
You feel very sick. The scorpion attacks as you move away!
The scorpion stings you.
You are lethally poisoned!
The scorpion poisons you!
You enter the shallow water.
Moving in this stuff is going to be slow.
* * * LOW HITPOINT WARNING * * *
You feel very sick.
It was a potion of lignification.
You turn into a tree.
Your +0 leather armour melds into your body.
Your roots penetrate the ground.
* * * LOW HITPOINT WARNING * * *
You feel very sick. The scorpion stings you.
You die...

......####.# #.##.........
........##.####.#.......##.
......#.##.................
........<.......#..........
#.#.##.##.................
#.#.###.###..........
#...###.# #.......##.
#.####s~##.# ###.#...##.
......[.♣##.. ...#...##.
##..###~~~### ###.##.####
.( ##~~# #.##.. ##~~ #.....
~~# ####.# #~# #.# ~# #.#
~~ #.# #.#


You could see a scorpion.

Vanquished Creatures
  3 adders
  A worm (D:1)
  2 dart slugs
  5 endoplasms
  A giant cockroach (D:2)
  9 goblins
  3 hobgoblins
  3 kobolds
  2 quokkas (D:2)
  2 ball pythons
  A bat (D:1)
  A frilled lizard (D:2)
  5 rats
38 creatures vanquished.

Vanquished Creatures (others)
  An endoplasm (D:1)
1 creature vanquished.

Grand Total: 39 creatures vanquished

Notes
Turn   | Place    | Note
-------+----------+-------------------------------------------
     0 | D:1      | Zeldest the Tengu Artificer began the quest for the Orb.
     0 | D:1      | Reached XP level 1. HP: 12/12 MP: 2/2
    82 | D:1      | Reached skill level 1 in Spellcasting
   181 | D:1      | Reached XP level 2. HP: 15/16 MP: 5/5
   946 | D:2      | Reached XP level 3. HP: 18/20 MP: 7/7
  1409 | D:2      | Reached XP level 4. HP: 23/26 MP: 8/8
  1625 | D:3      | Found an iron altar of Okawaru.
  1831 | D:3      | Noticed a scorpion
  1872 | D:3      | Slain by a scorpion

Illustrated notes

Levels and vault maps discovered:
D:1:      dpeg_arrival_brainrot, layout_loops_ring
D:2:      layout_loops_ring
D:3:      layout_loops_ring, nicolae_overflow_crystal_walls, serial_rivers,
          chequers_serial_rivers_micro_b, chequers_serial_rivers_micro_e,
          chequers_serial_rivers_micro_a, chequers_serial_rivers_large_b,
          chequers_serial_rivers_room_a, serial_shops, shop,
          kennysheep_generic_room_7, uniq_ijyb

Skill      XL: |  1  2  3 |
---------------+----------+-----
Spellcasting   | 1 2 |  2.0
Fighting       | 2 |  2.0
Dodging        | 2 |  2.8
Armour         | |  2.1
Stealth        | |  1.0
Evocations     | |  3.0

Action                     |  1- 3 |  4- 6 || total
---------------------------+-------+-------++-------
  Melee: Unarmed           |     7 |       ||     7
         Kick              |    20 |     2 ||    22
         Peck              |    17 |     1 ||    18
         Dagger            |    65 |    12 ||    77
         Whip              |     1 |       ||     1
         Punch             |     1 |       ||     1
  Evoke: Wand              |     5 |     1 ||     6
    Use: Potion            |       |     1 ||     1
   Stab: Sleeping          |     3 |     1 ||     4
         Distracted        |     2 |       ||     2
 Armour: Leather armour    |    19 |     2 ||    21
  Dodge: Dodged            |    30 |     1 ||    31

Table legend: (Time is in decaauts)
 A = Elapsed time spent in this place.
 B = Non-inter-level travel time spent in this place.
 C = Inter-level travel time spent in this place.
 D = Time resting spent in this place.
 E = Time spent auto-exploring this place.
 F = Levels seen in this place.
 G = Mean time per level.
                   A        B        C        D        E       F      G
               +--------+--------+--------+--------+--------+-----+--------+
         Total |   1856 |   1764 |     92 |    134 |   1327 |   3 |  618.7 |
       Dungeon |   1856 |   1764 |     92 |    134 |   1327 |   3 |  618.7 |
               +--------+--------+--------+--------+--------+-----+--------+

Top non-repeatable levels by time:
     D:1: 933 daAuts
     D:2: 660 daAuts
     D:3: 262 daAuts
